 Dungeon Crawl Stone Soup version 0.28.0-53-g5a82cb258f (webtiles) character file.

Game seed: 9323702598690455614

555 sanboga the Skirmisher (level 7, 0/44 HPs)
             Began as a Gargoyle Fighter on June 27, 2022.
             Slain by a water moccasin (2 damage)
             ... on level 4 of the Dungeon.
             The game lasted 00:06:42 (4626 turns).

sanboga the Skirmisher (Gargoyle Fighter)           Turns: 4626, Time: 00:06:43

Health: 0/44       AC: 21    Str: 22    XL:     7   Next: 30%
Magic:  7/7        EV:  7    Int:  8    God:
Gold:   176        SH:  4    Dex:  9    Spells: 6/6 levels left

rFire   . . .      SeeInvis .   a - +0 war axe
rCold   . . .      Faith    .   c - +0 buckler
rNeg    + . .      Spirit   .   f - +2 chain mail {Will+}
rPois   ∞          Reflect  .   d - +2 helmet
rElec   +          Harm     .   (no cloak)
rCorr   .          Rampage  .   b - +0 pair of gloves
Will    +....                   (no boots)
Stlth   ..........              (no amulet)
HPRegen 0.14/turn               (no ring)
MPRegen 0.10/turn               (no ring)

@: brilliant, attractive, hasted, very quick
A: sickness immunity, AC +4, negative energy resistance 1, electricity
resistance, torment resistance 1, petrification resistance
a: no special abilities


You were on level 4 of the Dungeon.
You visited 2 branches of the dungeon, and saw 6 of its levels.
You also visited: Sewer.

You collected 176 gold pieces.

Inventory:

Hand Weapons
 a - a +0 war axe (weapon)
 g - a +0 dagger of flaming
Armour
 b - a +0 pair of gloves (worn)
 c - a +0 buckler (worn)
 d - a +2 helmet (worn)
 f - a +2 chain mail of willpower (worn)
Wands
 n - a wand of mindburst (8)
Scrolls
 h - a scroll of magic mapping
 l - a scroll of teleportation {unknown}
 o - a scroll of holy word {unknown}
Potions
 e - 2 potions of brilliance
 i - a potion of flight {unknown}
 j - 2 potions of haste
 k - a potion of attraction
 m - a potion of invisibility {unknown}


   Skills:
 + Level 4.9 Fighting
 * Level 4.6 Axes
 + Level 4.9 Armour
 + Level 4.9 Shields


You had 6 spell levels left.
You didn't know any spells.
Your spell library contained the following spells:

 Spells                   Type           Power      Damage    Failure   Level
 Ensorcelled Hibernation  Hex/Ice        0%         N/A       100%        2
 Passwall                 Tmut/Erth      0%         N/A       100%        2
 Portal Projectile        Hex/Tloc       0%         N/A       100%        3
 Swiftness                Air            0%         N/A       100%        3
 Blade Hands              Tmut           0%         N/A       100%        5
 Excruciating Wounds      Necr           0%         N/A       100%        5


Dungeon Overview and Level Annotations

Branches:
Dungeon (5/15)             Temple (1/1) D:4           Sewer (visited)

Altars:
Dithmenos
Gozag
Kikubaaqudgha
Nemelex Xobeh
Okawaru
Qazlal
Ru
Sif Muna
Uskayaw
Xom
The Shining One


Innate Abilities, Weirdness & Mutations

You are immune to sickness and miasma.
Your stone body is resilient. (AC +4)
You are immune to poison.
You resist negative energy. (rN+)
You are resistant to electric shocks. (rElec)
You are resistant to unholy torment.
You are immune to petrification.


Message History

The bullfrog zombie barely misses you.
You hear a distant slurping noise.
The bullfrog zombie barely misses you.
The water moccasin bites you but does no damage.
The bullfrog zombie hits you.
The water moccasin bites you but does no damage.
You hear a distant slurping noise.
You hear a squelching noise.
The water moccasin bites you but does no damage. x2
You hear a distant slurping noise.
The water moccasin barely misses you.
You hear a distant slurping noise.
You hear a distant slurping noise.
You hear a distant slurping noise.
The water moccasin closely misses you. The water moccasin bites you.
* * * LOW HITPOINT WARNING * * *
There is a stone staircase leading up here.
The water moccasin bites you but does no damage.
The water moccasin closely misses you.
You climb upwards.
There is a stone staircase leading down here.
It was a potion of haste.
You feel yourself speed up.
The water moccasin bites you but does no damage. x2
The water moccasin bites you.
* * * LOW HITPOINT WARNING * * *
It was a potion of attraction.
You feel attractive to monsters. The water moccasin barely misses you.
The water moccasin bites you but does no damage.
You closely miss the water moccasin.
The water moccasin is severely wounded.
You closely miss the water moccasin. The water moccasin bites you.
* * * LOW HITPOINT WARNING * * *
The water moccasin bites you but does no damage. x2
You barely miss the water moccasin.
The water moccasin is severely wounded.
You hit the water moccasin but do no damage.
The water moccasin bites you.
* * * LOW HITPOINT WARNING * * *
The water moccasin bites you.
You die...

#.# ##...........########.
#.#
######..#######.........##.
#.# #........#
#..........##. #.#
#........# ##.###.........
#.# #........#
#..###.......## #.#
#...(....####.#....#####.#
##.# #...............####
#.## #..# #.....÷..#.S.####
#... #.## #........#@###
###. #.# #........#S# ##
#.# #........#.#
..########.###...# ......##
#.# #.### #########
.......###.# #.# ##.....#..
........##.# #.#
##.........
........##.###.#
#..........
........##.#...#
#..........


You could see 2 water moccasins.

Vanquished Creatures
  Eustachio (D:4)
  A scorpion (D:4)
  A hound (D:4)
  An orc priest (D:3)
  Terence (D:2)
  2 orc wizards
  A hell rat (Sewer)
  Robin (D:2)
  4 river rats (Sewer)
  5 adders
  7 orcs
  6 ball pythons
  9 endoplasms
  5 giant cockroaches
  13 goblins
  9 hobgoblins
  2 jackals (D:2)
  9 kobolds
  2 quokkas
  4 bats
  12 frilled lizards
  13 rats
109 creatures vanquished.

Notes
Turn   | Place    | Note
-------+----------+-------------------------------------------
     0 | D:1      | sanboga the Gargoyle Fighter began the quest for the Orb.
     0 | D:1      | Reached XP level 1. HP: 14/14 MP: 1/1
   161 | D:1      | Reached XP level 2. HP: 14/19 MP: 2/2
   474 | D:1      | Found a faded altar of an unknown god.
   814 | D:1      | Reached XP level 3. HP: 20/23 MP: 3/3
  1464 | D:2      | Reached XP level 4. HP: 25/29 MP: 4/4
  1640 | D:2      | Noticed Robin
  1703 | D:2      | Killed Robin
  1787 | D:2      | Noticed Terence
  1792 | D:2      | Killed Terence
  1793 | D:2      | Reached XP level 5. HP: 24/33 MP: 5/5
  2222 | D:3      | Found a glowing drain.
  2244 | Sewer    | Entered a sewer
  3276 | D:3      | Reached XP level 6. HP: 3/39 MP: 6/6
  3782 | D:4      | Found a staircase to the Ecumenical Temple.
  3800 | Temple   | Entered the Ecumenical Temple
  4186 | D:4      | Noticed Eustachio
  4191 | D:4      | Killed Eustachio
  4192 | D:4      | Reached XP level 7. HP: 44/44 MP: 7/7
  4583 | D:5      | Entered Level 5 of the Dungeon
  4626 | D:4      | HP: 2/44 [water moccasin (3)]
  4626 | D:4      | Slain by a water moccasin

Illustrated notes

Levels and vault maps discovered:
D:1:      nzn_arrival_water_spiral, layout_basic,
          shapermc_ecumenical_altar_acropolis, minmay_lizard_pond
D:2:      layout_rooms, uniq_terence, uniq_robin
D:3:      layout_loops_corners, gup_sewer_entry_glass, dk_vineyard_2,
          minmay_misc_feat_x
D:4:      layout_rooms, minmay_temple_entry_offerings,
          kennysheep_generic_room_7, uniq_eustachio
D:5:      cheibrodos_quashed, layout_rooms, kennysheep_ying_yang,
          mainiacjoe_overflow_24_doors, makhleb_grotto_becter
Temple:   grunt_temple_mini_profane

Skill      XL: |  1  2  3  4  5  6 |
---------------+-------------------+-----
Axes           | 2 3 4 |  4.6
Fighting       | 4 |  4.9
Armour         | 4 |  4.9
Shields        | 4 |  4.9

Action                   |  1- 3 |  4- 6 |  7- 9 || total
-------------------------+-------+-------+-------++-------
Melee: War axe           |   119 |   154 |    27 ||   300
Evoke: Wand              |       |     3 |       ||     3
  Use: Potion            |       |     4 |     3 ||     7
       Scroll            |       |     6 |       ||     6
Armor: Scale mail        |    97 |    20 |       ||   117
       Skin              |       |    44 |       ||    44
       Chain mail        |       |    99 |    53 ||   152
Dodge: Dodged            |   106 |    62 |    28 ||   196
Block: Buckler           |    39 |    43 |    17 ||    99
